 Dungeon Crawl Stone Soup version 0.30-a0-639-g3916f1956a (webtiles) character file.

Game seed: 8948195605967016053

6275 Newt the Transmogrifier (level 10, -8/63 HPs)
             Began as a Demonspawn Gladiator on Jan 16, 2023.
             Was an Elder of Hepliaklqana.
             Mangled by a death yak (16 damage)
             ... on level 8 of the Dungeon.
             The game lasted 00:14:05 (8438 turns).

Newt the Transmogrifier (Demonspawn Gladiator)      Turns: 8438, Time: 00:14:06

Health: -8/63      AC: 12    Str: 19    XL:     10   Next: 63%
Magic:  23/23      EV: 12    Int: 17    God:    Hepliaklqana [****..]
Gold:   452        SH:  4    Dex: 12    Spells: 24/27 levels left

rFire   x . .      SeeInvis .    A - +5 scimitar (heavy)
rCold   . . .      Faith    .    (no shield)
rNeg    . . .      Spirit   .    b - +1 leather armour
rPois   .          Reflect  .    (helmet currently unavailable)
rElec   +          Harm     .    (no cloak)
rCorr   .          Rampage  .    t - +3 pair of gloves "Baint" {rElec rF- Dex-3 Slay+6}
Will    .....                    (boots currently unavailable)
Stlth   ++                       (no amulet)
HPRegen 0.30/turn                n - +6 ring of intelligence
MPRegen 0.18/turn                e - ring of wizardry

@: appendages
A: horns 2, talons 2, reduced essence, icemail 1, big brain 1, condensation
shield, demonic touch 1
a: End Transformation, Renounce Religion, Recall Ancestor, Ancestor Identity,
Transference, Idealise


You were on level 8 of the Dungeon.
You worshipped Hepliaklqana.
Hepliaklqana was greatly pleased with you.
You had temporarily grown beastly horns and talons.
You visited 1 branch of the dungeon, and saw 8 of its levels.
You also visited: Sewer.

You collected 452 gold pieces.

Inventory:

Hand Weapons
 a - a +0 rapier of protection
 A - a +5 heavy scimitar (weapon)
 C - a +4 scimitar
Missiles
 d - a throwing net
 h - 8 boomerangs
 l - 45 poisoned darts
Armour
 b - a +1 leather armour (worn)
 c - a +0 helmet (melded)
 q - a +0 pair of gloves
 r - an orb of mayhem
 t - the +3 pair of gloves "Baint" (worn) {rElec rF- Dex-3 Slay+6}
   (You acquired it on level 8 of the Dungeon)

   Dex:       It affects your dexterity (-3).
   Slay:      It affects your accuracy & damage with ranged weapons and melee
   (+6).
   rF:        It makes you vulnerable to fire.
   rElec:     It insulates you from electricity.
Jewellery
 e - a ring of wizardry (right hand)
 n - a +6 ring of intelligence (left hand)
 B - a ring of ice
Wands
 s - a wand of digging (8)
 z - a wand of flame (40)
Scrolls
 i - 2 scrolls of fog
 o - a scroll of butterflies
 x - 2 scrolls of fear
 y - 5 scrolls of teleportation
Potions
 f - 2 potions of lignification
 g - 2 potions of invisibility
 j - 2 potions of attraction
 k - 4 potions of heal wounds
 m - 3 potions of brilliance
 p - 3 potions of flight
 u - 4 potions of cancellation
 v - 2 potions of haste
 w - 3 potions of mutation
 E - a potion of berserk rage {unknown}


   Skills:
 - Level 4.0 Fighting
 - Level 2.6(4.3) Short Blades
 + Level 5.3(5.7) Long Blades
 - Level 1.7 Throwing
 - Level 2.6 Dodging
 - Level 3.0 Stealth
 - Level 9.2 Spellcasting
 - Level 9.2 Transmutations


You had 24 spell levels left.
You knew the following spells:

 Your Spells              Type           Power      Damage    Failure   Level
a - Wereblood             Tmut           39%        N/A       1%          2
b - Beastly Appendage     Tmut           78%        N/A       1%          1

Your spell library contained the following spells:

 Spells                   Type           Power      Damage    Failure   Level
 Spider Form              Tmut/Pois      23%        N/A       1%          3
 Ignite Poison            Fire/Tmut/Pois 18%        N/A       4%          3
 Ice Form                 Ice/Tmut       23%        N/A       6%          4
 Frozen Ramparts          Ice            14%        1d3       13%         3
 Kindle Blastsparks       Fire/Tloc/Air  14%        2d11      13%         3
 Animate Dead             Necr           7%         N/A       38%         4
 Summon Ice Beast         Ice/Summ       7%         N/A       38%         4
 Freezing Cloud           Conj/Ice/Air   3%         6-21      73%         5
 Haunt                    Necr/Summ      3%         N/A       100%        7
 Infestation              Necr           3%         N/A       100%        8


Dungeon Overview and Level Annotations

Branches:
Dungeon (8/15)             Temple (0/1) D:4           Sewer (visited)
   Lair: D:8-11

Altars:
Fedhas
Hepliaklqana
Ru
Sif Muna
Trog
Vehumet
Xom
Yredelemnul


Innate Abilities, Weirdness & Mutations

You have temporarily grown beastly horns and talons.
Your life essence is reduced to manifest your ancestor. (-10% HP)
A meltable icy envelope protects you from harm. (AC +4)
You have an unusually large brain. (Int +2)
A meltable shield of frost defends you. (SH +4)
Your touch may inflict minor irresistible damage on your foes.


Message History

The gnoll hits you from afar with a +0 halberd.
Cuahtemoc hits the death yak with a +0 quarterstaff!
The death yak gores you.
An orc comes into view. It is wielding a +0 flail.
Your Long Blades skill increases to level 5!
The death yak attacks as you move away! The death yak gores you!
Cuahtemoc casts a spell at the death yak.
The puff of frost hits the death yak.
The gnoll barely misses you.
Cuahtemoc hits the death yak with a +0 quarterstaff!
The gnoll barely misses you.
The death yak gores Cuahtemoc.
Cuahtemoc casts a spell at the death yak.
The stone arrow hits the death yak!
The gnoll misses you.
The death yak gores Cuahtemoc!!
Cuahtemoc is destroyed!
A gnoll sergeant comes into view.
It is wielding a +0 trident. 2 gnolls come into view.
A gnoll comes into view. It is wielding a +0 halberd. x2
The gnoll sergeant hits you with a +0 trident.
* * * LOW HITPOINT WARNING * * *
The gnoll moves out of view.
The gnoll sergeant blocks your attack.
Your touch misses the gnoll sergeant. The gnoll hits you but does no damage.
The gnoll sergeant hits you but does no damage.
The orc drinks a potion.
The orc flickers and vanishes!
Deactivating autopickup; reactivate with Ctrl-A.
As you read the scroll of fear, it crumbles to dust.
You assume a fearsome visage.
The death yak looks frightened!
The death yak resists with almost no effort.
The death yak looks frightened!
The gnoll sergeant looks frightened!
The gnoll looks frightened! x2
Your icy envelope is restored.
You slash the gnoll sergeant!
Your attack snaps the gnoll sergeant out of its fear.
Your kick misses the gnoll sergeant.
The gnoll sergeant is moderately wounded.
Cornered, the gnoll sergeant turns to fight!
The gnoll sergeant hits you with a +0 trident!
* * * LOW HITPOINT WARNING * * *
The death yak gores you!
You die...

### ##.####### ##
#........## #.
##.####...###### #.
#..ggg..<).†..## #.
#.@###...###...###.
#.Y# ##............
#..# ######...####
##..####### ##.##
##.##.†Y....... #.#
.....g.o......# #.#
##.#....#####.# ...
#.....†..Y.... ###
#.#..#.##...o.


You could see 2 death yaks, a gnoll sergeant, 3 gnolls and an orc.

Vanquished Creatures
  2 death yaks
  Grinder (D:4)
  A steam dragon (D:7)
  2 sky beasts (D:8)
  An ice beast (D:5)
  2 ogres
  A centaur (D:6)
  4 kobold brigands
  3 bullfrogs
  A necrophage (D:6)
  5 wights
  3 killer bees
  A crimson imp (D:7)
  6 hounds
  An orc priest (D:7)
  A jelly (D:6)
  2 iguanas
  A scorpion zombie (D:4)
  A hound zombie (D:4)
  2 gnolls (D:4)
  3 adders
  A shadow imp (D:5)
  A white imp (D:5)
  2 adder zombies (D:4)
  3 worms
  A dart slug (D:1)
  4 orcs
  4 ball pythons
  8 bats
  7 endoplasms
  3 giant cockroaches
  9 goblins
  3 hobgoblins
  2 jackals (D:1)
  3 quokkas
  A frilled lizard (D:2)
  7 kobolds
  7 rats
110 creatures vanquished.

Vanquished Creatures (collateral kills)
  A two-headed ogre (D:8)
  A hornet (D:6)
  A steam dragon (D:8)
  A water moccasin (D:5)
  Edmund (D:4)
  An ogre (D:7)
  3 phantoms
  A centaur (D:6)
  A bullfrog (D:6)
  2 kobold brigands (Sewer)
  5 scorpions
  2 wights (D:6)
  2 killer bees (D:7)
  A howler monkey (D:6)
  3 crimson imps (D:7)
  A bullfrog zombie (D:4)
  A hound (D:4)
  3 orc priests
  3 iguanas
  2 orc wizards (D:7)
  3 scorpion zombies (D:4)
  A hound zombie (D:4)
  A hound skeleton (D:4)
  A gnoll (D:4)
  10 adders
  2 river rats (Sewer)
  A white imp (D:7)
  2 ufetubi
  An adder zombie (D:4)
  2 worms (Sewer)
  10 orcs
  3 ball pythons
  3 endoplasms
  2 giant cockroaches
  2 hobgoblins
  8 kobolds
  4 quokkas (D:5)
  A bat (D:3)
  A quokka zombie (D:4)
  3 rats (Sewer)
97 creatures vanquished.

Vanquished Creatures (others)
  3 battlemagi
  An ancestor (D:4)
  A plant (D:4)
  2 withered plants (D:4)
7 creatures vanquished.

Grand Total: 214 creatures vanquished

Notes
Turn   | Place    | Note
-------+----------+-------------------------------------------
     0 | D:1      | Newt the Demonspawn Gladiator began the quest for the Orb.
     0 | D:1      | Reached XP level 1. HP: 16/16 MP: 1/1
    47 | D:1      | Reached skill level 1 in Stealth
   268 | D:1      | Gained mutation: You have an unusually large brain. (Int
                  | +2) [demonic ancestry]
   268 | D:1      | Reached XP level 2. HP: 22/22 MP: 2/2
  1403 | D:2      | Reached XP level 3. HP: 27/27 MP: 3/3
  1419 | D:2      | Found a radiant altar of Vehumet.
  1719 | D:2      | Learned a level 2 spell: Wereblood
  2175 | D:3      | Found a faded altar of an unknown god.
  2250 | D:3      | Prayed at the altar of an unknown god.
  2250 | D:3      | Became a worshipper of Hepliaklqana the Forgotten
  2250 | D:3      | Reached * piety under Hepliaklqana
  2344 | D:3      | Noticed an ogre
  2353 | D:3      | Killed an ogre
  2354 | D:3      | Reached XP level 4. HP: 33/33 MP: 4/4
  2354 | D:3      | Gained mutation: A meltable shield of frost defends you.
                  | (SH +4) [demonic ancestry]
  2354 | D:3      | Reached XP level 5. HP: 37/37 MP: 5/5
  3256 | D:4      | Found a staircase to the Ecumenical Temple.
  3266 | D:4      | Reached skill level 1 in Spellcasting
  3266 | D:4      | Reached skill level 1 in Transmutations
  3271 | D:4      | Noticed Grinder
  3289 | D:4      | Paralysed by Grinder for 4 turns
  3298 | D:4      | Killed Grinder
  3299 | D:4      | Reached XP level 6. HP: 11/43 MP: 5/10
  3663 | D:4      | Reached XP level 7. HP: 44/48 MP: 9/12
  3692 | D:4      | Reached ** piety under Hepliaklqana
  3693 | D:4      | Remembered your ancestor Cuahtemoc as a battlemage
  4156 | D:4      | Learned a level 1 spell: Beastly Appendage
  4160 | D:4      | Found a blossoming altar of Fedhas.
  4323 | D:4      | Noticed Edmund
  4342 | D:4      | Killed Edmund
  4400 | D:4      | Gained mutation: Your touch may inflict minor irresistible
                  | damage on your foes. [demonic ancestry]
  4400 | D:4      | Reached XP level 8. HP: 54/54 MP: 15/15
  4434 | D:5      | Entered Level 5 of the Dungeon
  4449 | D:5      | Reached skill level 5 in Spellcasting
  4449 | D:5      | Reached skill level 5 in Transmutations
  4514 | D:5      | Found a basalt altar of Yredelemnul.
  4537 | D:5      | Found a glowing drain.
  4555 | Sewer    | Entered a sewer
  5939 | D:5      | Reached *** piety under Hepliaklqana
  6181 | D:6      | Gained mutation: A meltable icy envelope protects you from
                  | harm. (AC +4) [demonic ancestry]
  6181 | D:6      | Reached XP level 9. HP: 51/58 MP: 16/19
  6584 | D:6      | Found a sacrificial altar of Ru.
  6625 | D:6      | Identified the +3 flail "Xemac" {freeze, rF+ Dex-2 Stlth+}
  6975 | D:7      | Found a shimmering blue altar of Sif Muna.
  7028 | D:7      | Found a shimmering altar of Xom.
  7049 | D:7      | Found a bloodstained altar of Trog.
  7565 | D:7      | Reached XP level 10. HP: 63/63 MP: 22/22
  7783 | D:7      | Reached **** piety under Hepliaklqana
  7824 | D:8      | Noticed a death yak
  7825 | D:8      | Noticed a death yak
  7825 | D:8      | Noticed a death yak
  7827 | D:8      | Noticed a death yak
  7827 | D:8      | Noticed a death yak
  7835 | D:7      | Killed a death yak
  8050 | D:8      | Reached skill level 1 in Long Blades
  8109 | D:8      | Identified a scroll of acquirement
  8109 | D:8      | Acquired the +3 pair of gloves "Baint" {rElec rF- Dex-3
                  | Slay+6}
  8161 | D:8      | Noticed a two-headed ogre
  8168 | D:8      | Killed a two-headed ogre
  8429 | D:8      | Killed a death yak
  8430 | D:8      | Reached skill level 5 in Long Blades
  8438 | D:8      | Mangled by a death yak

Illustrated notes

Levels and vault maps discovered:
D:1:      lightli_arrival_flooded_house, layout_basic
D:2:      layout_loops_cross, basic_altar, kennysheep_generic_room_8
D:3:      layout_basic, hellmonk_ecumenical_altar_inner_sanctum
D:4:      layout_basic, overflow_temple_1_default, minmay_temple_entry_statues,
          serial_undead, serial_undead_b, serial_undead_d, serial_undead_a,
          serial_undead_a, serial_undead_e, serial_undead_b, serial_undead_e,
          serial_undead_b, serial_undead_b, serial_undead_d,
          nicolae_grassy_gnolls, uniq_grinder, uniq_edmund
D:5:      nicolae_BIG_FREAKIN_CUBE, layout_basic, mainiacjoe_overflow_brackets,
          yredelemnul_altar_generic, portal_sewer_entry_f,
          minmay_misc_feat_secret_circle, serial_bayou_pond_e,
          chequers_mini_garden, kennysheep_generic_room_14
D:6:      layout_rooms, kennysheep_mini
D:7:      layout_rooms, led_xom_imps, mainiacjoe_overflow_catwalk,
          elyvilon_altar_4, mainiacjoe_overflow_small_starburst,
          due_unseen_surprise
D:8:      layout_loops_ring, general_overflow_altar, nzn_wu_jian_council_hall,
          dpeg_lair_monsters, st_stairs_14, uniq_amaemon

Skill      XL: |  1  2  3  4  5  6  7  8  9 10 |
---------------+-------------------------------+-----
Stealth        | 1 2 3 |  3.0
Fighting       | 4 |  4.0
Spellcasting   | 2 3 4 6 8 9 |  9.2
Transmutations | 2 3 4 6 8 9 |  9.2
Long Blades    | 5 |  5.3
Short Blades   | |  2.6
Throwing       | |  1.7
Dodging        | |  2.6

Action                   |  1- 3 |  4- 6 |  7- 9 | 10-12 || total
-------------------------+-------+-------+-------+-------++-------
Melee: Rapier            |   125 |    99 |   210 |       ||   434
       Punch             |       |     2 |     2 |       ||     4
       Touch             |       |       |    26 |     5 ||    31
       Kick              |       |       |    13 |     3 ||    16
       Headbutt          |       |       |    12 |     2 ||    14
       Scimitar          |       |       |    34 |    24 ||    58
Throw: Throwing net      |     5 |     2 |       |     1 ||     8
       Dart              |       |     8 |       |     2 ||    10
       Boomerang         |       |     3 |       |       ||     3
       Javelin           |       |     1 |       |       ||     1
 Cast: Wereblood         |       |     3 |     6 |     1 ||    10
       Beastly Appendage |       |       |    10 |     3 ||    13
Invok: Ancestor Life: Ba |       |       |     1 |       ||     1
Evoke: Wand              |       |       |       |     1 ||     1
  Use: Scroll            |     6 |     8 |     5 |     7 ||    26
       Potion            |     1 |       |     1 |       ||     2
 Stab: Held in net/web   |     3 |       |       |       ||     3
       Sleeping          |     8 |     3 |     4 |       ||    15
       Distracted        |       |       |     7 |     1 ||     8
Armor: Leather armour    |    37 |    71 |   116 |     9 ||   233
Dodge: Dodged            |    67 |   103 |   163 |    16 ||   349
Block: Other             |       |    32 |    55 |     4 ||    91

Table legend: (Time is in decaauts)
 A = Elapsed time spent in this place.
 B = Non-inter-level travel time spent in this place.
 C = Inter-level travel time spent in this place.
 D = Time resting spent in this place.
 E = Time spent auto-exploring this place.
 F = Levels seen in this place.
 G = Mean time per level.
                   A        B        C        D        E       F      G
               +--------+--------+--------+--------+--------+-----+--------+
         Total |   8681 |   8436 |    245 |   2163 |   4762 |   9 |  964.6 |
       Dungeon |   7703 |   7458 |    245 |   2055 |   4110 |   8 |  962.9 |
         Sewer |    978 |    978 |      0 |    108 |    652 |   1 |  978.0 |
               +--------+--------+--------+--------+--------+-----+--------+

Top non-repeatable levels by time:
     D:1: 1401 daAuts
     D:4: 1233 daAuts
     D:6: 1108 daAuts
     D:3: 1068 daAuts
   Sewer: 978 daAuts
     D:5: 927 daAuts
     D:7: 850 daAuts
     D:2: 751 daAuts
     D:8: 363 daAuts
